 Dungeon Crawl Stone Soup version 0.23-a0-38-g6d804a8 (webtiles) character file.

161 mopl the Ogre Mage (level 5, -3/45 HPs)
             Began as an Ogre Fire Elementalist on Aug 6, 2018.
             Slain by an orc
             ... wielding a +0 club
              (4 damage)
             ... on level 2 of the Dungeon.
             The game lasted 00:04:57 (2442 turns).

mopl the Ogre Mage (Ogre Fire Elementalist)         Turns: 2442, Time: 00:04:58

Health: -3/45      AC:  2    Str: 12    XL:     5   Next: 42%
Magic:  1/11       EV: 10    Int: 17    God:
Gold:   85         SH:  0    Dex:  9    Spells: 5/12 levels left

rFire    . . .     SeeInvis .   a - +0 short sword (drain)
rCold    . . .     Gourm    .   (no shield)
rNeg     + . .     Faith    .   o - +2 robe {rN+}
rPois    .         Spirit   .   (helmet restricted)
rElec    .         Reflect  .   (no cloak)
rCorr    .         Harm     .   (gloves unavailable)
MR       .....                  (boots unavailable)
Stlth    +.........             (no amulet)
HPRegen  0.15/turn              k - -3 ring of protection (curse)
MPRegen  0.12/turn              (no ring)

@: very slightly contaminated
A: large, unfitting armour, tough skin 1
a: no special abilities


You were on level 2 of the Dungeon.
You were hungry.

You visited 1 branch of the dungeon, and saw 3 of its levels.

You collected 90 gold pieces.
You donated 5 gold pieces to Zin.

Inventory:

Hand Weapons
 a - a +0 short sword of draining (weapon)
 p - a +2 halberd of chopping
Missiles
 h - 16 poisoned needles
Armour
 o - a +2 robe of positive energy (worn)
Jewellery
 k - a cursed -3 ring of protection (left hand)
Scrolls
 b - a scroll of noise {unknown}
 f - 2 scrolls of teleportation {unknown}
 j - 3 scrolls of remove curse {unknown}
 m - 2 scrolls of fog
 n - a scroll of enchant weapon {unknown}
Potions
 g - a potion of agility
 i - 2 potions of curing
 l - a potion of brilliance
Comestibles
 c - 4 rations


   Skills:
 - Level 1.7 Dodging
 - Level 1.4 Stealth
 + Level 4.0 Spellcasting
 + Level 2.6 Conjurations
 + Level 3.8 Fire Magic


You had 5 spell levels left.
You knew the following spells:

 Your Spells              Type           Power        Failure   Level  Hunger
a - Flame Tongue          Conj/Fire      ##...        4%          1    None
c - Conjure Flame         Conj/Fire      ##......     12%         3    ###....
h - Inner Flame           Hex/Fire       #.......     22%         3    ###....

Your spell library contained the following spells:

 Spells                   Type           Power        Failure   Level  Hunger
 Fireball                 Conj/Fire      ##........   75%         5    ######.
 Throw Flame              Conj/Fire      ##....       6%          2    ##.....
 Sticky Flame             Conj/Fire      ##......     38%         4    ####...


Dungeon Overview and Level Annotations

Branches:
Dungeon (3/15)

Altars:
Kikubaaqudgha
Qazlal
Zin


Innate Abilities, Weirdness & Mutations

You are too large for most types of armour.
You have tough skin. (AC +1)


Message History

Unknown command.
Casting: Flame Tongue (safe; 4% risk of failure)
Confirm with . or Enter, or press ? or * to list all spells.
You don't have enough magic to cast that spell.
Unknown command.
You completely miss the orc.
The orc is heavily wounded.
The orc barely misses you.
You hit the orc. You drain the orc!
The orc is almost dead.
The orc hits you with a club.
* * * LOW HITPOINT WARNING * * *
You barely miss the orc.
The orc is almost dead.
The orc hits you with a club.
* * * LOW HITPOINT WARNING * * *
You barely miss the orc.
The orc is almost dead.
The orc hits you with a club.
You die...

###.##...^..........#
#......##.###.....#.#
#.#.#####.# #.###.#.#
#.#.......# #.....#.#
#.######### #######.#
#.# #.## ##.#
######### #..# #..#
#.<.....# ##.# #.##
#@......# #.# #.#
#o†.....# #.# #.#
#.......# ##.# #.#
#.......# #..# #.##
#.......# #.## #..#
#.......# #.#
##.########.#### #.#
######## #......# #.#
#.# §......#
#..###.###.# #.#


You could see an orc.

Vanquished Creatures
  An orc priest (D:2)
  3 gnolls (D:2)
  3 adders
  A worm (D:2)
  A dart slug (D:1)
  3 leopard geckos
  2 orcs
  3 ball pythons
  2 bats (D:1)
  7 goblins
  14 hobgoblins
  5 jackals
  5 frilled lizards
  4 kobolds
  10 rats
64 creatures vanquished.

Notes
Turn   | Place    | Note
-------+----------+-------------------------------------------
     0 | D:1      | mopl the Ogre Fire Elementalist began the quest for the Orb.
     0 | D:1      | Reached XP level 1. HP: 16/16 MP: 3/3
    12 | D:1      | Reached skill level 1 in Conjurations
   149 | D:1      | Reached XP level 2. HP: 24/24 MP: 3/5
   299 | D:1      | Reached skill level 3 in Fire Magic
   460 | D:1      | Reached XP level 3. HP: 25/31 MP: 1/7
   465 | D:1      | Learned a level 3 spell: Conjure Flame
   469 | D:1      | Learned a level 3 spell: Inner Flame
   531 | D:1      | Reached skill level 3 in Spellcasting
  1022 | D:1      | You fall through a shaft!
  1136 | D:2      | Found a stormy altar of Qazlal.
  1187 | D:2      | Found a faded altar of an unknown god.
  1248 | D:2      | Became a worshipper of Zin the Law-Giver
  1248 | D:2      | Reached * piety under Zin
  1249 | D:2      | Fell from the grace of Zin
  1353 | D:2      | Reached skill level 2 in Conjurations
  1353 | D:2      | Reached XP level 4. HP: 32/39 MP: 5/9
  2218 | D:3      | Found a glowing silver altar of Zin.
  2220 | D:3      | Found an ancient bone altar of Kikubaaqudgha.
  2231 | D:3      | Reached XP level 5. HP: 45/45 MP: 7/10
  2438 | D:2      | Reached skill level 4 in Spellcasting
  2441 | D:2      | HP: 1/45 [orc/club (4)]
  2442 | D:2      | Slain by an orc

Vault maps used:
D:1:      sevenhm_arrival_forest_fort_large_4
D:2:      chequers_ecumenical_altar_simple, nicolae_qazlal_general_emergency
D:3:      chequers_temple_overflow_statue_of_worship, lightli_temple_of_fire,
          lemuel_doored_altar, first_ration, minmay_tree_intersection,
          uniq_robin

Skill      XL: |  1  2  3  4  5 |
---------------+----------------+-----
Conjurations   | 1 2 |  2.6
Fire Magic     | 3 |  3.8
Spellcasting   | 3 4 |  4.0
Dodging        | |  1.7
Stealth        | |  1.4

Action                   |  1- 3 |  4- 6 || total
-------------------------+-------+-------++-------
Melee: Unarmed           |    23 |       ||    23
       Short sword       |       |    26 ||    26
 Cast: Flame Tongue      |    78 |    42 ||   120
Invok: Renounce Religion |     1 |       ||     1
  Use: Scroll            |     1 |     4 ||     5
  Eat: Chunk             |     1 |     3 ||     4
Armor: Robe              |     7 |     7 ||    14
Dodge: Dodged            |    26 |    41 ||    67

Table legend:
 A = Spawn XP
 B = Non-spawn XP
 C = Spawn XP percentage of total XP
 D = Spawn monster count
 E = Non-spawn monster count
 F = Spawn count percentage of total count
 G = Total turns spent on level
                    A         B        C        D         E        F      G
               +---------+---------+-------+---------+---------+-------+---------
         Total |       0 |     230 |   0.0 |       0 |      64 |   0.0 |  2442
               +---------+---------+-------+---------+---------+-------+---------
           D:1 |       0 |      59 |   0.0 |       0 |      36 |   0.0 |  1022
           D:2 |       0 |     125 |   0.0 |       0 |      16 |   0.0 |  1339
           D:3 |       0 |      46 |   0.0 |       0 |      12 |   0.0 |    81
               +---------+---------+-------+---------+---------+-------+---------
